 Dungeon Crawl Stone Soup version 0.30-a0-1103-g25895a7845 (webtiles) character file.

Game seed: 508994824410141137

253 Darkkill the Shooter (level 5, 0/46 HPs)
             Began as a Minotaur Hunter on Apr 18, 2023.
             Slain by Sigmund
             ... wielding a +0 scythe
              (11 damage)
             ... on level 4 of the Dungeon.
             The game lasted 00:06:48 (2416 turns).

Darkkill the Shooter (Minotaur Hunter)              Turns: 2416, Time: 00:06:49

Health: 0/46       AC:  3    Str: 16    XL:     5   Next: 90%
Magic:  4/4        EV: 13    Int:  6    God:
Gold:   170        SH:  0    Dex: 15    Spells: 4/4 levels left

rFire   . . .      SeeInvis .    a - +0 shortbow
rCold   . . .      Faith    .    (shield currently unavailable)
rNeg    . . .      Spirit   .    c - +0 leather armour
rPois   .          Reflect  .    (helmet restricted)
rElec   .          Rampage  .    (no cloak)
rCorr   .                        (no gloves)
Will    .....                    (no boots)
Stlth   ++                       (no amulet)
HPRegen 0.27/turn                (no ring)
MPRegen 0.09/turn                (no ring)

@: no status effects
A: horns 2, retaliatory headbutt
a: no special abilities


You were on level 4 of the Dungeon.
You visited 1 branch of the dungeon, and saw 4 of its levels.

You collected 170 gold pieces.

Inventory:

Hand Weapons
 a - a +0 shortbow (weapon)
Missiles
 e - 5 curare-tipped darts {=f !f}
 f - 6 atropa-tipped darts
 j - 24 stones
Armour
 c - a +0 leather armour (worn)
Scrolls
 b - a scroll of immolation
Potions
 d - a potion of might
 i - a potion of brilliance
 m - a potion of flight
 o - a potion of berserk rage {unknown}


   Skills:
 + Level 4.2 Fighting
 + Level 5.5 Ranged Weapons
 + Level 3.9 Dodging
 + Level 2.5 Stealth


You had 4 spell levels left.
You didn't know any spells.
Your spell library contained the following spells:

 Spells                   Type           Power      Damage    Failure   Level
 Slow                     Hex            0%         N/A       52%         1
 Ensorcelled Hibernation  Hex/Ice        0%         N/A       67%         2
 Passwall                 Tmut/Erth      0%         N/A       67%         2
 Confusing Touch          Hex            0%         N/A       88%         3
 Swiftness                Air            0%         N/A       88%         3
 Vampiric Draining        Necr           0%         2d6       88%         3
 Animate Armour           Summ/Erth      0%         N/A       99%         4
 Blade Hands              Tmut           0%         N/A       100%        5
 Iron Shot                Conj/Erth      0%         9d1       100%        6


Dungeon Overview and Level Annotations

Branches:
Dungeon (4/15)
 Temple: D:4-7

Altars:
Vehumet

Annotations:
D:4 Sigmund


Innate Abilities, Weirdness & Mutations

You have a pair of horns on your head.
You reflexively headbutt those who attack you in melee.


Message History

Sigmund barely misses you.
Sigmund hits you from afar with a +0 scythe.
* * * LOW HITPOINT WARNING * * *
Sigmund laughs darkly.
Sigmund gestures at you while chanting.
You are confused.
You feel yourself speed up.
Sigmund mumbles some strange words.
Sigmund flickers and vanishes!
Deactivating autopickup; reactivate with Ctrl-A.
You bump into the rock wall.
A goblin comes into view. It is wielding a +0 club.
The goblin shouts!
You hear some strange, mumbled words.
You are more confused.
Something hits you.
* * * LOW HITPOINT WARNING * * *
You're too confused to move!
Something barely misses you.
You clumsily bash the goblin but do no damage.
You hear some strange, mumbled words.
Something tries to affect you, but you resist.
The goblin drinks a potion.
The goblin seems to grow stronger.
You feel less confused. Something hits you.
* * * LOW HITPOINT WARNING * * *
The goblin closely misses you.
There is a stone staircase leading down here.
You can't go up here!
You climb downwards.
Reactivating autopickup.
There is a stone staircase leading up here.
You start resting.
Your extra speed is starting to run out.
You start resting.
You feel yourself slow down.
You start resting.
HP restored.
You start waiting.
Done waiting.
You climb upwards.
Level annotation: Sigmund The goblin barely misses you.
You furiously retaliate!
You headbutt the goblin, but do no damage.
There is a stone staircase leading down here.
Fire: a) +0 shortbow
Press: ? - help, Q - select action, (/) - cycle Shift-Dir - straight line, f - goblin
Aim: a goblin, wielding a +0 club (56% to hit)
You shoot an arrow. The arrow hits the goblin!
You kill the goblin!
Fire: a) +0 shortbow
Press: ? - help, Q - select action, (/) - cycle Shift-Dir - straight line, f - Sigmund
Aim: Sigmund, wielding a +0 scythe and wearing a +0 robe (60% to hit)
You shoot an arrow. The arrow hits Sigmund.
Sigmund is lightly wounded.
Sigmund casts a spell.
Sigmund flickers and vanishes!
Deactivating autopickup; reactivate with Ctrl-A.
Fire: a) +0 shortbow
Press: ? - help, Q - select action, (/) - cycle Shift-Dir - straight line, f - you Really target yourself?
Okay, then.
Fire: a) +0 shortbow
Press: ? - help, Q - select action, (/) - cycle Shift-Dir - straight line You shoot an arrow.
Something hits you!
Fire: a) +0 shortbow
Press: ? - help, Q - select action, (/) - cycle Shift-Dir - straight line You shoot an arrow.
Something hits you.
Fire: a) +0 shortbow
Press: ? - help, Q - select action, (/) - cycle Shift-Dir - straight line You shoot an arrow.
Something hits you!
Fire: a) +0 shortbow
Press: ? - help, Q - select action, (/) - cycle Shift-Dir - straight line You shoot an arrow.
Something hits you but does no damage.
Fire: a) +0 shortbow
Press: ? - help, Q - select action, (/) - cycle Shift-Dir - straight line, f - you
Okay, then.
You climb downwards.
Reactivating autopickup.
There is a stone staircase leading up here.
You shoot an arrow. Something hits you.
Deactivating autopickup; reactivate with Ctrl-A.
You shoot an arrow. Something hits you.
You shoot an arrow.
You hear some strange, mumbled words.
A magic dart appears from out of thin air!
The magic dart hits you!
* * * LOW HITPOINT WARNING * * *
You shoot an arrow. Something barely misses you.
You shoot an arrow. Something hits you.
* * * LOW HITPOINT WARNING * * *
You shoot an arrow. Something hits you but does no damage.
You shoot an arrow. Something barely misses you.
You shoot an arrow. You shoot an arrow. Something hits you.
* * * LOW HITPOINT WARNING * * *
You shoot an arrow. Something hits you!
You die...

###
#@#
#{#
#.#
#.#
#..
##.
.
..


There were no monsters in sight!

Vanquished Creatures
  A scorpion (D:3)
  Natasha (thrice) (D:2)
  Robin (D:2)
  2 adders
  2 dart slugs
  A worm (D:2)
  7 ball pythons
  7 endoplasms
  2 giant cockroaches
  19 goblins
  12 hobgoblins
  5 jackals (D:1)
  A quokka (D:2)
  8 bats
  2 frilled lizards
  2 kobolds (D:2)
  6 rats (D:1)
81 creatures vanquished.

Vanquished Creatures (others)
  3 fungi (D:4)
3 creatures vanquished.

Grand Total: 84 creatures vanquished

Notes
Turn   | Place    | Note
-------+----------+-------------------------------------------
     0 | D:1      | Darkkill the Minotaur Hunter began the quest for the Orb.
     0 | D:1      | Reached XP level 1. HP: 18/18 MP: 0/0
    40 | D:1      | Reached skill level 1 in Stealth
    71 | D:1      | Reached XP level 2. HP: 24/25 MP: 1/1
   257 | D:1      | Reached XP level 3. HP: 31/31 MP: 2/2
   731 | D:2      | Noticed Robin
   752 | D:2      | Killed Robin
   757 | D:2      | Reached XP level 4. HP: 24/38 MP: 3/3
  1086 | D:2      | Reached skill level 5 in Ranged Weapons
  1281 | D:2      | Noticed Natasha
  1284 | D:2      | Killed Natasha
  1520 | D:2      | Noticed Natasha
  1539 | D:2      | Killed Natasha
  1540 | D:2      | Reached XP level 5. HP: 37/46 MP: 4/4
  1846 | D:2      | Noticed Natasha
  1849 | D:2      | Killed Natasha
  1903 | D:3      | Found a radiant altar of Vehumet.
  2114 | D:3      | Noticed Sigmund
  2132 | D:3      | HP: 9/46 [something (4)]
  2138 | D:3      | HP: 6/46 [something (4)]
  2416 | D:4      | Slain by Sigmund

Illustrated notes

Levels and vault maps discovered:
D:1:      lightli_arrival_noodles, layout_loops_ring, st_stairs_4,
          minmay_strange_pillars, chequers_decorated_corner, corner_web_ring,
          minmay_unequal
D:2:      layout_basic, uniq_natasha, uniq_robin
D:3:      layout_rooms, nemelex_dance_club_becter, overflow_temple_1_default,
          uniq_sigmund, uniq_grinder
D:4:      layout_basic, mainiacjoe_overflow_cross_hatched, solitary_fountain

Skill      XL: |  1  2  3  4  5 |
---------------+----------------+-----
Stealth        | 1 2 |  2.5
Fighting       | 3 4 |  4.2
Dodging        | 3 |  3.9
Ranged Weapons | 5 |  5.5

Action                     |  1- 3 |  4- 6 || total
---------------------------+-------+-------++-------
  Melee: Shortbow          |       |     1 ||     1
   Fire: Shortbow          |    91 |   110 ||   201
    Use: Scroll            |     2 |     9 ||    11
         Potion            |       |     2 ||     2
 Armour: Leather armour    |     5 |    15 ||    20
  Dodge: Dodged            |    18 |    29 ||    47

Table legend: (Time is in decaauts)
 A = Elapsed time spent in this place.
 B = Non-inter-level travel time spent in this place.
 C = Inter-level travel time spent in this place.
 D = Time resting spent in this place.
 E = Time spent auto-exploring this place.
 F = Levels seen in this place.
 G = Mean time per level.
                   A        B        C        D        E       F      G
               +--------+--------+--------+--------+--------+-----+--------+
         Total |   2465 |   2371 |     94 |    262 |   1696 |   4 |  616.2 |
       Dungeon |   2465 |   2371 |     94 |    262 |   1696 |   4 |  616.2 |
               +--------+--------+--------+--------+--------+-----+--------+

Top non-repeatable levels by time:
     D:2: 1229 daAuts
     D:1: 728 daAuts
     D:4: 258 daAuts
     D:3: 249 daAuts

Table legend:
 A = Kills in this place as a percentage of kills in the entire game.
 B = Kills by you in this place as a percentage of kills by you in the entire game.
 C = Kills by friends in this place as a percentage of kills by friends in the entire game.
 D = Other kills in this place as a percentage of other kills in the entire game.
 E = Experience gained in this place as a percentage of experience gained in the entire game.
 F = Experience gained in this place divided by the number of levels of this place that you have seen.
                   A       B       C       D       E      F
               +-------+-------+-------+-------+-------+----------------------
         Total | 100.0 | 100.0 |   N/A |   N/A | 100.0 |  90.5
       Dungeon | 100.0 | 100.0 |   N/A |   N/A | 100.0 |  90.5
               +-------+-------+-------+-------+-------+----------------------
